 Dungeon Crawl Stone Soup version 0.29-a0-356-g7bc237e783 (webtiles) character file.

Game seed: 9305697384587257579

276 spaghetti the Agent of Entropy (level 6, -4/47 HPs)
             Began as a Demonspawn Abyssal Knight on Apr 26, 2022.
             Was a Priest of Lugonu.
             Slain by a gnoll
             ... wielding a +0 club
              (5 damage)
             ... on level 3 of the Dungeon.
             The game lasted 00:04:34 (3334 turns).

spaghetti the Agent of Entropy (DsAK)               Turns: 3334, Time: 00:04:35

Health: -4/47      AC:  5    Str: 15    XL:     6   Next: 4%
Magic:  9/9        EV: 11    Int: 12    God:    Lugonu [***...]
Gold:   91         SH:  5    Dex: 19    Spells: 5/5 levels left

rFire   . . .      SeeInvis .   a - +1 mace {mace}
rCold   . . .      Faith    .   (no shield)
rNeg    . . .      Spirit   .   b - +0 leather armour
rPois   .          Reflect  +   (no helmet)
rElec   .          Harm     .   (no cloak)
rCorr   .          Rampage  .   (no gloves)
Will    .....                   (no boots)
Stlth   +.........              e - amulet of reflection
HPRegen 0.15/turn               i - +6 ring of dexterity
MPRegen 0.11/turn               (no ring)

@: no status effects
A: slimy green scales 1, powered by pain 2
a: Renounce Religion, Depart the Abyss, Bend Space, Banish


You were on level 3 of the Dungeon.
You worshipped Lugonu.
Lugonu was most pleased with you.
You visited 1 branch of the dungeon, and saw 4 of its levels.
You visited the Abyss 1 time.

You collected 91 gold pieces.


Innate Abilities, Weirdness & Mutations

You are partially covered in slimy green scales. (AC +2)
You sometimes gain power by taking damage.


   Skills:
 - Level 3.0 Fighting
 + Level 3.1 Maces & Flails
 * Level 3.6 Throwing
 - Level 1.7 Armour
 - Level 0.8 Dodging
 * Level 4.8 Invocations


You had 5 spell levels left.
You didn't know any spells.
Your spell library contained the following spells:

 Spells                   Type           Power      Damage    Failure   Level
 Blink                    Tloc           0%         N/A       52%         2
 Lesser Beckoning         Tloc           0%         N/A       77%         3
 Manifold Assault         Tloc           0%         N/A       100%        5

Inventory:

Hand Weapons
 a - a +1 mace (weapon) {mace}
 h - a +1 vampiric dagger {short}
   (You took it off a kobold on level 1 of the Dungeon)
Missiles
 c - 83 stones (quivered) {throwing}
 g - 6 curare-tipped darts {=fthrowing}
 k - 5 poisoned darts {throwing}
Armour
 b - a +0 leather armour (worn)
Jewellery
 e - an amulet of reflection (around neck)
   (You found it on level 1 of the Dungeon)
 i - a +6 ring of dexterity (left hand)
   (You found it on level 2 of the Dungeon)
Scrolls
 f - a scroll of blinking {unknown}
 l - a scroll of holy word {unknown}
 m - a scroll of identify {unknown}
Potions
 d - a potion of heal wounds {@q2}
 j - a potion of ambrosia {unknown}

Dungeon Overview and Level Annotations

Branches:
Dungeon (4/15)
 Temple: D:4-7

Altars:

Annotations:
Abyss:1 Sigmund

####### #......
#.##### ##.##
##...##
#####.....#
########.........#
#.g@.............#
#.######.##.#.[.##
#. #.........####
.. #.#######.....
... #.# #.....
#..g #.# #..###
#..g #.# #..# #...
#.# #..# # #.#
#..###


You could see a gnoll.


Message History

c - 83 stones {throwing} (gained 1) Key pressed, stopping explore.
You now have 91 gold pieces (gained 9).
Key pressed, stopping explore.
Key pressed, stopping explore.
A hobgoblin and a gnoll come into view.
The hobgoblin shouts!
You hear a shout!
The gnoll shouts!
You hear a shout!
A gnoll comes into view. It is wielding a +0 whip. 😎 MP[+5]
Your mp is fully restored (8).
You hit the hobgoblin. The hobgoblin hits you. 😕 HP[-1]
You take 1 damage, and now have 40/41 hp.
You hit the hobgoblin.
You kill the hobgoblin!
Lugonu accepts your kill.
You see here a hobgoblin corpse.
You hit the gnoll but do no damage. The gnoll misses you.
The gnoll closely misses you. 😎 HP[+1]
Your hp is fully restored (41).
You closely miss the gnoll.
The gnoll hits you with a +0 flail. 😕 HP[-6]
You take 6 damage, and now have 35/41 hp.
You are too injured to fight recklessly!
You are too injured to fight recklessly!
You are too injured to fight recklessly!
You are too injured to fight recklessly!
You are too injured to fight recklessly!
You are too injured to fight recklessly!
You are too injured to fight recklessly!
You are too injured to fight recklessly!
You are too injured to fight recklessly!
You are too injured to fight recklessly!
You are too injured to fight recklessly!
You are too injured to fight recklessly!
You are too injured to fight recklessly!
You are too injured to fight recklessly!
You are too injured to fight recklessly!
You hit the gnoll. You block the gnoll's attack.
You barely miss the gnoll. The gnoll barely misses you.
You barely miss the gnoll. The gnoll barely misses you.
A gnoll comes into view. It is wielding a +0 club.
The gnoll hits you with a +0 flail. 😕 HP[-1]
You take 1 damage, and now have 34/41 hp.
The gnoll shouts!
You hit the gnoll.
You hear a shout!
The gnoll hits you with a +0 flail. 😮 HP[-5]
You take 5 damage, and now have 29/41 hp.
You hit the gnoll. The gnoll closely misses you. 😮 HP[+1]
You hit the gnoll but do no damage.
The gnoll hits you with a +0 flail! 😮 HP[-9]
You take 9 damage, and now have 21/41 hp.
MASSIVE DAMAGE!! (PAUSE)
You hit the gnoll. You block the gnoll's attack.
The gnoll hits you but does no damage.
You closely miss the gnoll. The gnoll closely misses you.
You sock the gnoll!
You kill the gnoll!
Lugonu accepts your kill.
You have reached level 6! 😮 HP[+3] MP[+1]
You now have 47 max hp (+6).
You regained 3 hp, and now have 24/47 hp.
Your mp is fully restored (9).
You closely miss the gnoll. The gnoll hits you with a +0 whip.
* * * LOW HITPOINT WARNING * * *
😨 HP[-5]
You take 5 damage, and now have 19/47 hp.
You sock the gnoll! The gnoll barely misses you. 😨 HP[+1]
You hit the gnoll but do no damage. The gnoll barely misses you.
The gnoll hits you with a +0 whip.
* * * LOW HITPOINT WARNING * * *
😨 HP[-6]
You take 6 damage, and now have 14/47 hp.
You hit the gnoll.
You kill the gnoll!
Lugonu accepts your kill.
You barely miss the gnoll. The gnoll hits you with a +0 club.
* * * LOW HITPOINT WARNING * * *
😨 HP[-1]
You take 1 damage, and now have 13/47 hp.
You closely miss the gnoll. The gnoll hits you but does no damage.
You hit the gnoll. The gnoll hits you with a +0 club.
* * * LOW HITPOINT WARNING * * *
😱 HP[-3]
You take 3 damage, and now have 10/47 hp.
You hit the gnoll. The gnoll hits you with a +0 club.
* * * LOW HITPOINT WARNING * * *
The gnoll hits you with a +0 club.
* * * LOW HITPOINT WARNING * * *
😱 HP[-9]
You take 9 damage, and now have 1/47 hp.
You closely miss the gnoll. The gnoll hits you with a +0 club.
You die...

Skill      XL: |  1  2  3  4 |
---------------+-------------+-----
Maces & Flails | 2 3 |  3.1
Throwing       | 1 2 3 |  3.6
Invocations    | 4 |  4.8
Fighting       | |  3.0
Armour         | |  1.7
Dodging        | |  0.8

Action                   |  1- 3 |  4- 6 || total
-------------------------+-------+-------++-------
Melee: Mace              |   103 |    54 ||   157
Throw: Stone             |    51 |    35 ||    86
Invok: Banish            |       |     2 ||     2
  Use: Potion            |     1 |       ||     1
Armor: Leather armour    |    31 |    14 ||    45
Dodge: Dodged            |    70 |    23 ||    93
Block: Other             |    16 |     8 ||    24
       Reflection        |     1 |       ||     1

Levels and vault maps discovered:
D:1:      dpeg_arrival_three_smaller_balls, layout_loops_ring,
          hellmonk_ecumenical_altar_prayer_group
D:2:      layout_basic, serial_co_window_serial, co_window_paths_a,
          co_window_cross_1, co_window_cross_1, co_window_paths_b,
          co_window_corner_a, co_window_corner_a, co_window_corner_a,
          co_window_2corner, co_window_corner_cb, co_window_of_opportunity_b,
          co_window_4corner_b, glass_columns_b, glass_columns_a,
          glass_columns_a, glass_columns_c
D:3:      layout_loops_ring, minmay_goblin_kobold_house, uniq_sigmund
D:4:      kennysheep_kobold_camp, layout_rooms, gammafunk_ghost_gnarly_gnolls,
          uniq_eustachio

Notes
Turn   | Place    | Note
-------+----------+-------------------------------------------
     0 | Abyss:1  | spaghetti the Demonspawn Abyssal Knight began the quest for
                  | the Orb.
     0 | Abyss:1  | Reached XP level 1. HP: 18/18 MP: 2/2
     0 | Abyss:1  | magus.rc [v1.9.6]
    10 | D:1      | You pass through the gate.
    10 | D:1      | Escaped the Abyss
   316 | D:1      | Reached skill level 2 in Maces & Flails
   316 | D:1      | Reached skill level 1 in Throwing
   360 | D:1      | Gained mutation: You sometimes gain a little power by
                  | taking damage. [demonic ancestry]
   360 | D:1      | Reached XP level 2. HP: 24/24 MP: 3/3
   366 | D:1      | You pick up a book of Spatial Translocations and begin
                  | reading...
   366 | D:1      | You add the spells Blink, Lesser Beckoning and Manifold
                  | Assault to your library.
   398 | D:1      | HP: 5/24 [kobold/+0 dagger (3)]
   401 | D:1      | HP: 2/24 [kobold/+0 short sword (3)]
   889 | D:1      | Gained mutation: You are partially covered in slimy green
                  | scales. (AC +2) [demonic ancestry]
   889 | D:1      | Reached XP level 3. HP: 29/29 MP: 4/4
   905 | D:1      | Reached skill level 2 in Throwing
  1019 | D:1      | Found a faded altar of an unknown god.
  1412 | D:2      | Reached *** piety under Lugonu
  2148 | D:2      | Gained mutation: You sometimes gain power by taking damage.
                  | [demonic ancestry]
  2148 | D:2      | Reached XP level 4. HP: 35/35 MP: 6/6
  2231 | D:2      | Reached skill level 3 in Invocations
  3037 | D:3      | Noticed Sigmund
  3182 | D:3      | Banished Sigmund
  3183 | D:3      | Reached skill level 3 in Maces & Flails
  3183 | D:3      | Reached skill level 3 in Throwing
  3183 | D:3      | Reached skill level 4 in Invocations
  3183 | D:3      | Reached XP level 5. HP: 39/41 MP: 2/8
  3326 | D:3      | Reached XP level 6. HP: 24/47 MP: 9/9
  3332 | D:3      | HP: 10/47 [gnoll/+0 club (4)]
  3333 | D:3      | HP: 1/47 [gnoll/+0 club (6)]
  3334 | D:3      | Slain by a gnoll

Vanquished Creatures
  2 gnolls (D:3)
  3 adders (D:2)
  4 worms (D:2)
  4 ball pythons
  6 endoplasms
  3 giant cockroaches
  8 goblins
  8 hobgoblins
  2 jackals (D:1)
  10 kobolds
  2 quokkas (D:1)
  5 bats
  2 frilled lizards (D:1)
  4 rats
63 creatures vanquished.

Table legend:
 A = Non-vault XP
 B = Vault XP
 C = Vault XP percentage of total XP
 D = Non-vault monster count
 E = Vault monster count
 F = Vault count percentage of total count
                 A         B        C        D         E       F
            +---------+---------+-------+---------+---------+-------
      Total |     180 |     215 |  54.4 |      63 |       2 |   3.1
            +---------+---------+-------+---------+---------+-------
        D:1 |      45 |       1 |   2.2 |      25 |       1 |   3.8
        D:2 |      94 |       0 |   0.0 |      29 |       0 |   0.0
        D:3 |      41 |     214 |  83.9 |       9 |       1 |  10.0
            +---------+---------+-------+---------+---------+-------

Illustrated notes

Table legend:
 A = Kills in this place as a percentage of kills in entire the game.
 B = Kills by you in this place as a percentage of kills by you in the entire game.
 C = Kills by friends in this place as a percentage of kills by friends in the entire game.
 D = Other kills in this place as a percentage of other kills in the entire game.
 E = Experience gained in this place as a percentage of experience gained in the entire game.
 F = Experience gained in this place divided by the number of levels of this place that you have seen.
                   A       B       C       D       E      F
               +-------+-------+-------+-------+-------+----------------------
         Total | 100.0 | 100.0 |   N/A | 100.0 | 100.0 |  79.0
       Dungeon | 100.0 | 100.0 |   N/A | 100.0 | 100.0 |  98.8
               +-------+-------+-------+-------+-------+----------------------

Table legend: (Time is in decaauts)
 A = Elapsed time spent in this place.
 B = Non-inter-level travel time spent in this place.
 C = Inter-level travel time spent in this place.
 D = Time resting spent in this place.
 E = Time spent auto-exploring this place.
 F = Levels seen in this place.
 G = Mean time per level.
                   A        B        C        D        E       F      G
               +--------+--------+--------+--------+--------+-----+--------+
         Total |   3374 |   3278 |     96 |    350 |   2432 |   5 |  674.8 |
       Dungeon |   3364 |   3268 |     96 |    350 |   2432 |   4 |  841.0 |
         Abyss |     10 |     10 |      0 |      0 |      0 |   1 |   10.0 |
               +--------+--------+--------+--------+--------+-----+--------+

Top non-repeatable levels by time:
     D:2: 1590 daAuts
     D:1: 1324 daAuts
     D:3: 325 daAuts
     D:4: 123 daAuts
 Abyss:1: 10 daAuts
